 Dungeon Crawl Stone Soup version 0.18.1-50-g88ac8fd (webtiles) character file.

128 Franakus the Conjurer (level 4, 0/24 HPs)
             Began as a Deep Elf Conjurer on Oct 27, 2016.
             Slain by a mummy (19 damage)
             ... on level 5 of the Dungeon.
             The game lasted 00:17:19 (1104 turns).

Franakus the Conjurer (Deep Elf Conjurer)           Turns: 1104, Time: 00:17:19

Health: 0/24       AC:  2    Str:  5    XL:     4   Next: 87%
Magic:  1/11       EV: 13    Int: 25    God:
Gold:   62         SH:  0    Dex: 15    Spells: 2 memorised, 7 levels left

rFire  . . .     SeeInvis .     s - +2 short sword (vamp)
rCold  . . .     Gourm    .     a - +0 robe
rNeg   . . .     Faith    .     (no shield)
rPois  .         Spirit   .     (no helmet)
rElec  .         Dismiss  .     (no cloak)
rCorr  .         Reflect  .     (no gloves)
SustAt .         Harm     .     (no boots)
MR     +....                    (no amulet)
Stlth  ++........               h - +4 ring of intelligence
                                q - ring of protection from magic

@: somewhat resistant to hostile enchantments, unstealthy
A: no striking features
a: no special abilities


You were on level 5 of the Dungeon.
You were not hungry.

You visited 1 branch of the dungeon, and saw 5 of its levels.

You collected 62 gold pieces.

Inventory:

Hand Weapons
 m - a +0 morningstar
 n - a +2 dagger of pain
 r - a +0 long sword
 s - a +2 vampiric short sword (weapon)
Armour
 a - a +0 robe (worn)
Jewellery
 d - an uncursed ring of protection from cold
 h - a +4 ring of intelligence (right hand)
 q - a ring of protection from magic (left hand)
Scrolls
 f - a scroll of enchant armour
 l - a scroll of remove curse
 u - a scroll of teleportation {unknown}
Potions
 e - a potion of heal wounds {unknown}
 g - a potion of mutation
 j - a potion of haste {unknown}
 k - 2 potions of brilliance
 o - a potion of lignification {unknown}
 p - a potion of agility {unknown}
 t - 2 potions of curing {unknown}
Books
 b - a book of Conjurations

   Spells                             Type                      Level
   a - Magic Dart                     Conjuration                  1
   b - Searing Ray                    Conjuration                  2
   c - Dazzling Spray                 Conjuration/Hexes            3
   d - Fulminant Prism                Conjuration/Hexes            4
   e - Iskenderun's Mystic Blast      Conjuration                  4
   f - Iskenderun's Battlesphere      Conjuration/Charms           5
Comestibles
 c - 2 bread rations
 i - a meat ration


   Skills:
 + Level 0.2 Fighting
 + Level 3.0 Dodging
 + Level 2.6 Stealth
 + Level 3.5 Spellcasting
 + Level 6.3 Conjurations


You had 7 spell levels left.
You knew the following spells:

 Your Spells              Type           Power        Failure   Level  Hunger
a - Magic Dart            Conj           ####         1%          1    None
b - Searing Ray           Conj           #####.       1%          2    #......


Dungeon Overview and Level Annotations

Branches:
Dungeon (5/15)
 Temple: D:4-7

Altars:
Trog

Portals:
Ossuary: D:5

Annotations:
D:4 Duvessa, Edmund


Message History

Confirm with . or Enter, or press ? or * to list all spells.
Aiming: Magic Dart
Press: ? - help, Shift-Dir - straight line, f/p - mummy
Aim: a mummy (lightly damaged)
The magic dart hits the mummy.
The mummy is heavily damaged.
Casting: Magic Dart
Confirm with . or Enter, or press ? or * to list all spells.
Aiming: Magic Dart
Press: ? - help, Shift-Dir - straight line, f/p - mummy
Aim: a mummy (heavily damaged)
The magic dart hits the mummy.
The mummy is heavily damaged.
You completely miss the mummy.
The mummy is heavily damaged.
You hit the mummy.
The mummy is almost destroyed.
The mummy hits you!!
Ouch! That really hurt!
You die...

##########.....#.##
#..†........
###...........
##.............
###..##..........
#................
########.#..##..........
#...$..........#########
#.#####@#####..# #.^M..#
..# ##^..## .# ##∩## #
###


You could see a mummy.

Vanquished Creatures
  A hound (D:5)
  An iguana (D:5)
  A hound zombie (D:5)
  A worker ant zombie (D:5)
  3 adders
  A worm (D:4)
  2 orcs
  2 bats (D:3)
  A giant cockroach (D:3)
  2 goblins (D:1)
  3 hobgoblins (D:3)
  A kobold (D:1)
  A quokka (D:4)
  A giant newt (D:1)
21 creatures vanquished.

Notes
Turn   | Place    | Note
--------------------------------------------------------------
     0 | D:1      | Franakus the Deep Elf Conjurer began the quest for the Orb.
     0 | D:1      | Reached XP level 1. HP: 10/10 MP: 6/6
   107 | D:2      | You fall through a shaft!
   210 | D:3      | Reached XP level 2. HP: 13/15 MP: 0/8
   214 | D:3      | Learned a level 2 spell: Searing Ray
   250 | D:3      | Reached skill level 5 in Conjurations
   452 | D:3      | Reached XP level 3. HP: 17/19 MP: 6/9
   512 | D:4      | Noticed a phantom
   601 | D:4      | Noticed Edmund
   714 | D:4      | Noticed Duvessa
   748 | D:5      | Entered Level 5 of the Dungeon
   799 | D:4      | Found a bloodstained altar of Trog.
   835 | D:5      | Reached XP level 4. HP: 4/24 MP: 1/11
   922 | D:5      | Reached skill level 6 in Conjurations
  1098 | D:5      | Found a sand-covered staircase.
  1104 | D:5      | Slain by a mummy

Skill      XL: |  1  2  3  4 |
---------------+-------------+-----
Conjurations   | 5 6 |  6.3
Dodging        | 3 |  3.0
Fighting       | |  0.2
Stealth        | |  2.6
Spellcasting   | |  3.5

Action                   |  1- 3 |  4- 6 || total
-------------------------+-------+-------++-------
Melee: Dagger            |     2 |       ||     2
       Short sword       |       |     2 ||     2
 Cast: Magic Dart        |    22 |     5 ||    27
       Searing Ray       |     8 |     3 ||    11
  Use: Scroll            |     6 |       ||     6
  Eat: Meat ration       |       |     1 ||     1
Armor: Robe              |     3 |     1 ||     4
Dodge: Dodged            |    14 |     1 ||    15
